 Dungeon Crawl Stone Soup version 0.30-a0-1116-gebefce21f7 (webtiles) character file.

Game seed: 15757988968841369974

4376 jasper the Fighter (level 10, -1/67 HPs)
             Began as a Deep Elf Conjurer on Apr 21, 2023.
             Slain by a vampire (12 damage)
             ... on level 9 of the Dungeon.
             The game lasted 00:17:46 (10203 turns).

jasper the Fighter (Deep Elf Conjurer)             Turns: 10203, Time: 00:17:46

Health: -1/67      AC:  8    Str:  4    XL:     10   Next: 13%
Magic:  13/19      EV: 12    Int: 34    God:
Gold:   141        SH:  7    Dex: 13    Spells: 6/19 levels left

rFire   . . .      SeeInvis .    v - +1 hand axe (elec)
rCold   . . .      Faith    .    g - +2 buckler {AC+3}
rNeg    + . .      Spirit   .    a - +0 robe
rPois   .          Reflect  .    m - +0 helmet
rElec   .          Rampage  .    s - +0 cloak
rCorr   .                        B - +0 pair of gloves
Will    +....                    (no boots)
Stlth   ++                       y - amulet of magic regeneration
HPRegen 0.31/turn                l - ring of positive energy
MPRegen 0.56/turn                J - +6 ring of intelligence

@: no status effects
A: no striking features
a: no special abilities


You were on level 9 of the Dungeon.
You visited 1 branch of the dungeon, and saw 9 of its levels.

You collected 486 gold pieces.
You spent 345 gold pieces at shops.

Inventory:

Hand Weapons
 e - a +0 falchion of draining
 f - a +0 short sword of protection
 r - a +2 quarterstaff of holy wrath
 v - a +1 hand axe of electrocution (weapon)
Missiles
 t - 20 poisoned darts
Armour
 a - a +0 robe (worn)
 g - a +2 buckler of protection (worn)
 m - a +0 helmet (worn)
 q - a +1 leather armour of cold resistance
 s - a +0 cloak (worn)
 B - a +0 pair of gloves (worn)
 D - a +0 cloak
 F - a scarf of repulsion
Jewellery
 l - a ring of positive energy (left hand)
 y - an amulet of magic regeneration (around neck)
 z - an amulet of regeneration
 J - a +6 ring of intelligence (right hand)
Wands
 w - a wand of flame (6)
Scrolls
 h - 4 scrolls of enchant weapon
 p - 3 scrolls of vulnerability
 H - a scroll of brand weapon
 I - 3 scrolls of teleportation
Potions
 b - a potion of magic
 c - 2 potions of curing
 d - a potion of might
 i - a potion of invisibility
 j - 3 potions of brilliance
 k - 2 potions of degeneration {unknown}
 n - 2 potions of haste
 o - 2 potions of lignification {unknown}
 u - 3 potions of mutation {unknown}
 x - 3 potions of attraction {unknown}
 A - 4 potions of flight {unknown}
 C - 3 potions of cancellation {unknown}
 G - a potion of resistance


   Skills:
 + Level 9.7 Fighting
 - Level 2.4 Dodging
 - Level 2.4 Stealth
 - Level 4.0 Shields
 - Level 5.0 Spellcasting
 - Level 7.0 Conjurations
 - Level 4.0 Hexes
 - Level 3.2 Translocations
 - Level 1.0 Air Magic
 - Level 1.0 Poison Magic


You had 6 spell levels left.
You knew the following spells:

 Your Spells              Type           Power      Damage    Failure   Level
b - Searing Ray           Conj           100%       2d8       1%          2
c - Mephitic Cloud        Conj/Pois/Air  29%        N/A       4%          3
d - Fulminant Prism       Conj/Hex       23%        3d12      6%          4
e - Iskenderun's Mystic   Conj/Tloc      43%        2d10      7%          4

Your spell library contained the following spells:

 Spells                   Type           Power      Damage    Failure   Level
 Magic Dart               Conj           100%       1d8       1%          1
 Dazzling Flash           Conj/Hex       92%        N/A       1%          3
 Lesser Beckoning         Tloc           60%        N/A       2%          2
 Ensorcelled Hibernation  Hex/Ice        44%        N/A       3%          2
 Gell's Gravitas          Tloc           30%        N/A       4%          3
 Hailstorm                Conj/Ice       32%        3d8       4%          3
 Teleport Other           Tloc           30%        N/A       4%          3
 Freeze                   Ice            32%        1d5       5%          1
 Call Imp                 Summ           16%        N/A       9%          2
 Spider Form              Tmut/Pois      12%        N/A       14%         3
 Frozen Ramparts          Ice            16%        1d3       17%         3
 Anguish                  Hex/Necr       11%        N/A       24%         4


Dungeon Overview and Level Annotations

Branches:
Dungeon (9/15)
 Temple: D:4-7         Lair: D:8-11         Orc: D:9-12

Altars:
Ashenzari
Kikubaaqudgha
Nemelex Xobeh
Xom

Shops:
D:4 *   D:7 *

Annotations:
D:4 exclusion: moth of wrath
D:5 Edmund


Message History

Press: ? - help, Dir - move target You conjure a prism of explosive energy!
A fulminant prism comes into view.
You now have 15/19 mp.
Your fulminant prism crackles loudly.
The vampire casts a spell.
The vampire flickers and vanishes!
Deactivating autopickup; reactivate with Ctrl-A.
Casting: Fulminant Prism (dangerous; 6% risk of failure)
Confirm with . or Enter, or press ? or * to list all spells.
You can't see any susceptible monsters within range! (Use Z to cast anyway.) Unknown command.
Casting: Fulminant Prism (dangerous; 6% risk of failure)
Confirm with . or Enter, or press ? or * to list all spells.
Aiming: Searing Ray (safe; 1% risk of failure)
Press: ? - help, Shift-Dir - straight line, f - you That beam is likely to hit you.
Continue anyway?
Okay, then.
Casting: Searing Ray (safe; 1% risk of failure)
Confirm with . or Enter, or press ? or * to list all spells.
Aiming: Searing Ray (safe; 1% risk of failure)
Press: ? - help, Shift-Dir - straight line The searing ray hits something. (Press . to maintain the ray.)
Your fulminant prism explodes!
The blast of energy engulfs something.
You now have 14/19 mp.
The searing ray hits something!
You hear some strange, mumbled words.
Something tries to affect you, but you resist.
Something hits you.
* * * LOW HITPOINT WARNING * * *
Something bites you but does no damage.
You take 5 damage, and have 15/67 hp.
You now have 13/19 mp.
The searing ray hits something!
You finish channelling your searing ray.
Something hits you.
* * * LOW HITPOINT WARNING * * *
Something bites you!
You die...

#..# ......# #.....#
#....# #########....##
#...#..##......
#########..#...##......
#.....@{'..##..'..#....
######..'†.##..'..#...#
####)..#..##<....#
#..#...##......
#...#..##......
#..##..###.....
#..##..#######.
#..#....#### #.
#...#......###.


There were no monsters in sight!

Vanquished Creatures
  Erica (D:8)
  A hornet (D:8)
  Grum (D:9)
  A vampire (D:9)
  A water moccasin (D:7)
  3 black bears
  An ice beast (D:7)
  A sky beast (D:7)
  3 ogres
  2 wolves (D:9)
  2 centaurs
  2 phantoms
  2 kobold brigands
  4 bullfrogs
  A gnoll sergeant (D:4)
  9 scorpions
  A lava snake (D:7)
  A hound (D:4)
  6 jellies
  An orc priest (D:6)
  2 gnoll boudas
  2 sleepcaps
  Natasha (D:3)
  4 iguanas
  6 orc wizards
  15 gnolls
  9 adders
  A white imp (D:6)
  5 worms (D:2)
  3 dart slugs (D:4)
  26 orcs
  4 ball pythons
  9 endoplasms
  A giant cockroach (D:4)
  9 goblins
  12 hobgoblins
  9 jackals
  3 quokkas
  12 bats
  4 frilled lizards
  15 kobolds
  7 rats
  A fulminant prism (D:9)
204 creatures vanquished.

Vanquished Creatures (others)
  A goblin (D:8)
  14 fulminant prisms
  15 fungi (D:7)
  4 plants
34 creatures vanquished.

Grand Total: 238 creatures vanquished

Notes
Turn   | Place    | Note
-------+----------+-------------------------------------------
     0 | D:1      | jasper the Deep Elf Conjurer began the quest for the Orb.
     0 | D:1      | Reached XP level 1. HP: 10/10 MP: 6/6
   230 | D:1      | Reached XP level 2. HP: 15/15 MP: 6/9
   233 | D:1      | Learned a level 2 spell: Searing Ray
  1061 | D:2      | Reached XP level 3. HP: 19/19 MP: 2/11
  1065 | D:2      | Learned a level 3 spell: Mephitic Cloud
  1165 | D:2      | Reached skill level 5 in Spellcasting
  1608 | D:2      | Reached skill level 1 in Poison Magic
  2012 | D:2      | Reached skill level 1 in Air Magic
  2012 | D:2      | Reached XP level 4. HP: 24/24 MP: 10/13
  2017 | D:2      | Learned a level 4 spell: Fulminant Prism
  2301 | D:3      | Found a faded altar of an unknown god.
  2698 | D:3      | Reached skill level 1 in Hexes
  2878 | D:3      | Reached skill level 5 in Conjurations
  2928 | D:3      | Noticed Natasha
  2932 | D:3      | Killed Natasha
  3029 | D:3      | Reached XP level 5. HP: 28/28 MP: 9/14
  3125 | D:3      | Found a broken altar of Ashenzari.
  3622 | D:4      | Learned a level 4 spell: Iskenderun's Mystic Blast
  3693 | D:4      | Noticed a phantom
  3705 | D:4      | Killed a phantom
  3706 | D:4      | Reached XP level 6. HP: 24/32 MP: 5/15
  3831 | D:4      | Reached skill level 1 in Translocations
  4150 | D:4      | Found Iyfiogaet's Incredible Inventory.
  4157 | D:4      | Reached XP level 7. HP: 36/36 MP: 8/16
  4533 | D:4      | Reached skill level 1 in Fighting
  4774 | D:4      | Reached skill level 2 in Fighting
  4888 | D:4      | Noticed a moth of wrath
  4965 | D:4      | HP: 2/40 [gnoll sergeant/+0 trident (9)]
  5271 | D:5      | Entered Level 5 of the Dungeon
  5277 | D:5      | Reached skill level 3 in Fighting
  5417 | D:5      | Reached XP level 8. HP: 48/48 MP: 2/17
  5607 | D:5      | Reached skill level 4 in Fighting
  5607 | D:5      | Reached skill level 1 in Shields
  5847 | D:5      | Noticed Edmund
  6484 | D:6      | Reached skill level 5 in Fighting
  6949 | D:6      | Reached XP level 9. HP: 55/55 MP: 13/18
  7338 | D:7      | Reached skill level 6 in Fighting
  7424 | D:7      | Identified the +1 quarterstaff of Xiraek {flame, rF+}
  7883 | D:7      | Found an ancient bone altar of Kikubaaqudgha.
  7883 | D:7      | Found a sparkling altar of Nemelex Xobeh.
  7986 | D:7      | Found Hekuforarro's Neck Hole.
  8002 | D:7      | Bought an amulet of magic regeneration for 300 gold pieces
  8002 | D:7      | Bought a +0 cloak for 45 gold pieces
  8210 | D:7      | Reached skill level 7 in Fighting
  8699 | D:8      | Found a shimmering altar of Xom.
  8740 | D:8      | Reached skill level 8 in Fighting
  9349 | D:8      | Noticed Erica
  9361 | D:8      | Killed Erica
  9362 | D:8      | Reached skill level 9 in Fighting
  9593 | D:8      | Paralysed by a hornet for 3 turns
  9598 | D:8      | Reached XP level 10. HP: 35/66 MP: 15/19
 10077 | D:9      | Noticed Grum
 10175 | D:9      | HP: 1/66 [Grum/+1 halberd (13)]
 10176 | D:9      | Killed Grum
 10203 | D:9      | Slain by a vampire

Illustrated notes

Levels and vault maps discovered:
D:1:      minmay_arrival_split_and_join, layout_basic
D:2:      cheibrodos_old_hovel, layout_basic
D:3:      minmay_door_path, layout_basic, lemuel_crystal_altar,
          ebering_ecumenical_altar_abandoned, serial_bayou, serial_bayou_pond_d,
          serial_bayou_pond_e, serial_bayou_pond_a, serial_bayou_lake_a,
          uniq_natasha
D:4:      layout_loops_corners, tgw_trog, nicolae_alphabet_shops,
          minmay_pentangle
D:5:      layout_rooms, worldfamousw_hep_ancestral_shrine,
          minmay_temple_entry_butterflies, st_stairs_1, minivault_19,
          corexii_corridor_pit, minivault_23, uniq_edmund
D:6:      layout_basic, minmay_misc_feat_x
D:7:      old_forge, layout_gridville, nicolae_overflow_two_pavilions,
          nicolae_shop_sticking_my_neck_out
D:8:      layout_basic, dk_xom_monty_hall, uniq_erica
D:9:      hangedman_cross_veins, layout_basic, hangedman_corner_corridor,
          uniq_grum, uniq_joseph

Skill      XL: |  1  2  3  4  5  6  7  8  9 |
---------------+----------------------------+-----
Spellcasting   | 4 5 |  5.0
Poison Magic   | 1 |  1.0
Air Magic      | 1 |  1.0
Hexes          | 2 4 |  4.0
Conjurations   | 5 6 7 |  7.0
Translocations | 3 |  3.2
Fighting       | 3 5 9 |  9.7
Shields        | 4 |  4.0
Dodging        | |  2.4
Stealth        | |  2.4

Action                     |  1- 3 |  4- 6 |  7- 9 | 10-12 || total
---------------------------+-------+-------+-------+-------++-------
  Melee: Short sword       |     3 |       |       |       ||     3
         Falchion          |       |     2 |    14 |       ||    16
         Quarterstaff      |       |     8 |    28 |       ||    36
         Hand axe          |       |       |     1 |     1 ||     2
   Cast: Magic Dart        |    86 |    70 |    48 |       ||   204
         Searing Ray       |     6 |    14 |    64 |     6 ||    90
         Fulminant Prism   |       |       |     9 |     6 ||    15
         Iskenderun's Myst |       |       |    13 |       ||    13
         Mephitic Cloud    |       |       |     2 |       ||     2
    Use: Scroll            |     3 |     5 |     8 |     1 ||    17
         Potion            |       |       |     4 |     1 ||     5
   Stab: Sleeping          |       |     1 |       |       ||     1
 Armour: Robe              |       |     6 |    36 |     1 ||    43
  Dodge: Dodged            |     4 |    20 |    73 |     9 ||   106
  Block: Buckler           |       |       |    24 |     2 ||    26

Table legend: (Time is in decaauts)
 A = Elapsed time spent in this place.
 B = Non-inter-level travel time spent in this place.
 C = Inter-level travel time spent in this place.
 D = Time resting spent in this place.
 E = Time spent auto-exploring this place.
 F = Levels seen in this place.
 G = Mean time per level.
                   A        B        C        D        E       F      G
               +--------+--------+--------+--------+--------+-----+--------+
         Total |  10254 |  10014 |    240 |    393 |   8387 |   9 | 1139.3 |
       Dungeon |  10254 |  10014 |    240 |    393 |   8387 |   9 | 1139.3 |
               +--------+--------+--------+--------+--------+-----+--------+

Top non-repeatable levels by time:
     D:4: 1815 daAuts
     D:2: 1397 daAuts
     D:7: 1351 daAuts
     D:3: 1343 daAuts
     D:6: 1340 daAuts
     D:8: 1315 daAuts
     D:1: 852 daAuts
     D:5: 586 daAuts
     D:9: 251 daAuts
